 Dungeon Crawl Stone Soup version 0.14-a0-1403-g5d3c58f (webtiles) character file.

209 PolkaDot the Cutter (level 4, -2/34 HPs)
             Began as a Vampire Death Knight on Dec 10, 2013.
             Was a Believer of Yredelemnul.
             Slain by Grinder (8 damage)
             ... on Level 3 of the Dungeon.
             The game lasted 00:04:49 (1908 turns).

PolkaDot the Cutter (Vampire Death Knight)          Turns: 1908, Time: 00:04:49

HP  -2/34        AC  3     Str 17      XL: 4   Next: 30%
MP   5/5         EV 11     Int 14      God: Yredelemnul [**....]
Gold 121         SH  0     Dex 10 (13) Spells:  0 memorised,  3 levels left

rFire  . . .     SeeInvis +     f - +0 short sword (freeze)
rCold  . . .     Clarity  .     d - +0 elf leather armour
rNeg   . . .     Conserve .     (no shield)
rPois  .         rCorr    .     (no helmet)
rElec  .         rRot     .     (no cloak)
SustAb . .       Spirit   .     (no gloves)
rMut   .         Warding  .     (no boots)
Saprov . . .     Stasis   .     (no amulet)
                                (no ring)
                                (no ring)

@: regenerating quickly, mighty, very slightly contaminated, hasted, injury
mirror, very quick, slightly resistant to hostile enchantments, very unstealthy
A: fangs 3, see invisible, unbreathing
a: Animate Remains, Recall Undead Slaves, Injury Mirror, Renounce Religion


You were on level 3 of the Dungeon.
You worshipped Yredelemnul.
Yredelemnul was pleased with you.
You were very full.

You visited 1 branch of the dungeon, and saw 3 of its levels.

You collected 121 gold pieces.

Inventory:

Hand weapons
 f - a +0,+0 short sword of freezing (weapon)
Armour
 d - a +0 elven leather armour (worn)
Scrolls
 a - a scroll of enchant weapon II {unknown}
 e - 2 scrolls of identify {unknown}
 h - a scroll of remove curse {unknown}
 i - 3 scrolls of fog {unknown}
 j - a scroll of curse jewellery {unknown}


   Skills:
 - Level 2.6 Fighting
 * Level 3.3 Short Blades
 + Level 1.0 Armour
 + Level 2.8 Dodging
 - Level 2.4 Invocations


You had 3 spell levels left.
You didn't know any spells.

Dungeon Overview and Level Annotations

Branches:
Dungeon (3/16)

Altars:
Fedhas

Annotations:
D:3 Grinder


Innate Abilities, Weirdness & Mutations

Your natural rate of healing is unusually fast.
You have razor-sharp teeth.*
You have supernaturally acute eyesight.
You can survive without breathing.*


Message History

Grinder barely misses you.
You barely miss Grinder.
Grinder is heavily wounded.
You closely miss Grinder.
Grinder is heavily wounded.
Grinder gestures at you. Pain shoots through your body!
* * * LOW HITPOINT WARNING * * *
Yredelemnul mirrors your injury!
Grinder is severely wounded.
You barely miss Grinder.
Grinder is severely wounded.
Grinder hits you but does no damage.
You hit Grinder but do no damage.
Grinder is severely wounded.
You puncture Grinder!
Grinder is almost dead.
Grinder hits you!
You die...
Yredelemnul claims you as an undead slave.

....##.....)..........
....####.%............
.........%............
........#.###.#.######
........#.............
........###.......#####.
........# #.............
f...#####
#.............[ f...##
#.....@.....%.. Pf...#
#...%..5....... ...<[#
########...... ....(#
...... .....# ####.
######


You could see Grinder.

Vanquished Creatures
  4 adders
  A ball python (D:3)
  9 bats
  2 giant cockroaches
  9 goblins
  4 hobgoblins
  3 jackals (D:2)
  10 kobolds
  3 giant geckos (D:2)
  2 giant newts (D:2)
  2 rats
49 creatures vanquished.

Notes
Turn   | Place    | Note
--------------------------------------------------------------
     0 | D:1      | PolkaDot, the Vampire Death Knight, began the quest for the Orb.
     0 | D:1      | Reached XP level 1. HP: 16/16 MP: 1/1
   135 | D:1      | Reached XP level 2. HP: 20/22 MP: 2/2
   974 | D:2      | Reached XP level 3. HP: 20/28 MP: 4/4
   995 | D:2      | Acquired Yredelemnul's second power
  1396 | D:2      | Reached skill level 3 in Short Blades
  1538 | D:2      | Reached XP level 4. HP: 31/34 MP: 5/5
  1813 | D:3      | Found a blossoming altar of Fedhas.
  1835 | D:3      | Reached skill level 1 in Armour
  1885 | D:3      | Noticed Grinder
  1895 | D:3      | Paralysed by Grinder for 2 turns
  1908 | D:3      | Slain by Grinder

Action                   |  1- 3 |  4- 6 || total
-------------------------+-------+-------++-------
Melee: Short sword       |   130 |    34 ||   164
Invok: Injury Mirror     |       |     1 ||     1
  Use: Potion            |     1 |     5 ||     6
 Stab: Sleeping          |     1 |       ||     1
